 Dungeon Crawl Stone Soup version 0.31-a0-654-gbe3e110b4e (webtiles) character file.

Game seed: 17719391542156190426

68549 thirtiethelement the Reanimator (level 14, -3/115 HPs)
             Began as a Demonspawn Necromancer on Aug 30, 2023.
             Was the Champion of Makhleb.
             Slain by a bog body (14 damage)
             ... on level 1 of the Swamp.
             The game lasted 01:18:44 (26155 turns).

thirtiethelement the Reanimator (DsNe)             Turns: 26155, Time: 01:18:45

Health: -3/115     AC: 16    Str: 10    XL:     14   Next: 87%
Magic:  28/30      EV: 19    Int: 18    God:    Makhleb [******]
Gold:   566        SH: 12    Dex: 27    Spells: 19/37 levels left

rFire   . . .        r - +6 whip "Amummocy" {flame, rCorr Dex+3}
rCold   + . .        Y - +0 buckler {rC+}
rNeg    . . .        S - +0 steam dragon scales
rPois   +            W - +0 helmet
rElec   +            F - +0 cloak of Experimentation {Will+ rCorr Int+2 Dex+3}
rCorr   +            J - +0 pair of gloves
SInv    +            K - +2 pair of boots
Will    ++...        V - amulet of reflection
Stlth   ++++         e - ring of see invisible
HPRegen 0.39/turn    z - ring of the Bespelled Lime {Fly rCorr Dex+3}
MPRegen 0.22/turn

%: reflection
@: flying, hasted, very quick
A: yellow scales 3, foul stench 1, spiny 1, demonic touch 2, poison resistance,
robust 1, electricity resistance
a: Renounce Religion, Minor Destruction, Lesser Servant of Makhleb, Major
Destruction, Greater Servant of Makhleb


You were on level 1 of the Swamp.
You worshipped Makhleb.
Makhleb was exalted by your worship.
You visited 5 branches of the dungeon, and saw 22 of its levels.

You collected 2045 gold pieces.
You spent 1479 gold pieces at shops.

Inventory:

Hand Weapons
 d - a +0 short sword
 m - a +0 dagger
 r - the +6 whip "Amummocy" (weapon) {flame, rCorr Dex+3}
   (You found it on level 3 of the Dungeon)

   Dex+3:     It affects your dexterity (+3).
   rCorr:     It protects you from acid and corrosion.
Missiles
 p - 3 curare-tipped darts
 u - 10 poisoned darts
 I - 4 throwing nets
Armour
 F - the +0 cloak of Experimentation (worn) {Will+ rCorr Int+2 Dex+3}
   (You bought it in a shop on level 2 of the Dungeon)

   Int+2:     It affects your intelligence (+2).
   Dex+3:     It affects your dexterity (+3).
   Will+:     It increases your willpower.
   rCorr:     It protects you from acid and corrosion.
 J - a +0 pair of gloves (worn)
 K - a +2 pair of boots (worn)
 S - +0 steam dragon scales (worn)
 U - the +0 ring mail "Bedyatu" {rPois rN+ Str+2}
   (You found it on level 13 of the Dungeon)

   Str+2:     It affects your strength (+2).
   rPois:     It protects you from poison rN+: It protects you from negative
   energy.
 W - a +0 helmet (worn)
 Y - a +0 buckler of cold resistance (worn)
Jewellery
 e - a ring of see invisible (left hand)
 f - a +4 ring of protection
 j - a ring of positive energy
 z - the ring of the Bespelled Lime (right hand) {Fly rCorr Dex+3}
   (You bought it in a shop on level 1 of the Orcish Mines)

   [ring of resist corrosion]

   Dex+3:     It affects your dexterity (+3).
   Fly:       It grants you flight.
   rCorr:     It protects you from acid and corrosion.
 C - a ring of protection from fire
 D - an amulet of magic regeneration
 M - a ring of positive energy
 V - an amulet of reflection (around neck)
Wands
 x - a wand of mindburst (2)
 A - a wand of flame (55)
 B - a wand of acid (11)
 H - a wand of paralysis (4)
 L - a wand of iceblast (11)
 T - a wand of polymorph (14)
Scrolls
 a - 5 scrolls of immolation
 g - a scroll of silence
 h - 2 scrolls of identify
 l - 3 scrolls of poison
 n - 2 scrolls of fear
 s - 2 scrolls of revelation
 t - 3 scrolls of summoning
 v - 8 scrolls of teleportation
 y - 2 scrolls of torment
 G - 7 scrolls of vulnerability
 Q - a scroll of blinking
Potions
 b - 2 potions of magic
 c - 3 potions of attraction
 i - 2 potions of berserk rage
 k - 2 potions of enlightenment
 o - 9 potions of curing
 q - 3 potions of brilliance
 w - 5 potions of might
 E - 2 potions of heal wounds
 N - 2 potions of cancellation
 O - 5 potions of ambrosia
 P - a potion of resistance
 X - a potion of mutation


   Skills:
 + Level 8.1 Fighting
 + Level 2.0 Short Blades
 + Level 10.6 Maces & Flails
 + Level 1.2 Throwing
 + Level 4.6 Armour
 + Level 7.9 Dodging
 + Level 5.7 Stealth
 + Level 6.3 Shields
 + Level 12.4 Spellcasting
 + Level 14.2 Necromancy
 + Level 4.8 Invocations
 + Level 0.4 Evocations


You had 19 spell levels left.
You knew the following spells:

 Your Spells              Type           Power      Damage    Failure   Level
a - Necrotise             Necr           100%       1d9       1%          1
b - Vampiric Draining     Necr           58%        2d10      1%          3
c - Freeze                Ice            44%        1d6       9%          1
d - Agony                 Necr           58%        N/A       1%          5
e - Animate Dead          Necr           58%        N/A       1%          4
f - Dispel Undead         Necr           58%        3d21      1%          4

Your spell library contained the following spells:

 Spells                   Type           Power      Damage    Failure   Level
 Kiss of Death            Conj/Necr      100%       2d13      1%          1
 Sublimation of Blood     Necr           58%        N/A       1%          2
 Magic Dart               Conj           44%        1d5       9%          1
 Sandblast                Erth           22%        2d7       9%          1
 Blink                    Tloc           22%        N/A       13%         2
 Call Imp                 Summ           22%        N/A       13%         2
 Lesser Beckoning         Tloc           22%        N/A       13%         2
 Momentum Strike          Conj/Tloc      22%        3d8       13%         2
 Passwall                 Tmut/Erth      9%         N/A       13%         2
 Confusing Touch          Hex            11%        N/A       26%         3
 Frozen Ramparts          Ice            22%        1d4       26%         3
 Gell's Gravitas          Tloc           11%        N/A       26%         3
 Hailstorm                Conj/Ice       11%        3d5       26%         3
 Mephitic Cloud           Conj/Pois/Air  11%        N/A       26%         3
 Stone Arrow              Conj/Erth      22%        3d8       26%         3
 Teleport Other           Tloc           11%        N/A       26%         3
 Manifold Assault         Tloc           11%        N/A       63%         4
 Olgreb's Toxic Radiance  Pois           11%        N/A       63%         4
 Petrify                  Tmut/Erth      11%        N/A       63%         4
 Irradiate                Conj/Tmut      5%         3d13      93%         5
 Dispersal                Tloc           5%         N/A       100%        6
 Discord                  Hex            5%         N/A       100%        8
 Ignition                 Fire           5%         3d4       100%        8


Dungeon Overview and Level Annotations

Branches:
Dungeon (13/15)            Temple (1/1) D:7            Lair (5/5) D:10
  Swamp (1/4) Lair:3       Spider (0/4) Lair:3        Slime (0/5) Lair:5
    Orc (2/2) D:11            Elf (0/3) Orc:2
 Vaults: D:13-14

Altars:
Ashenzari
Cheibriados
Dithmenos
Fedhas
Gozag
Hepliaklqana
Kikubaaqudgha
Makhleb
Nemelex Xobeh
Okawaru
Qazlal
Ru
Sif Muna
Trog
Uskayaw
Vehumet
Wu Jian
Xom
Yredelemnul
Jiyva

Shops:
D:2 [   D:4 *!   D:5 !   D:7 *   D:13 :   Orc:1 =*   Orc:2 (:=!

Annotations:
D:6 3 runed translucent doors, thirtiethelement's ghost, novice DsNe
D:7 1 runed translucent door, BeowulfAlex's ghost, novice OpSh
Lair:3 exclusion: 5 oklob plants


Innate Abilities, Weirdness & Mutations

You are completely covered in yellow scales. (AC +4, rCorr)
You may rarely emit foul miasma when damaged in melee.
You are partially covered in sharp spines.
Your touch may inflict irresistible damage on your foes.
Your system is resistant to poisons. (rPois)
You are robust. (+10% HP)
You are resistant to electric shocks. (rElec)


Message History

You whack the tyrant leech! You burn the tyrant leech.
The tyrant leech is heavily wounded.
The tyrant leech bites you!
The tyrant leech draws strength from your injuries!
The spriggan rider barely misses you.
You hit the tyrant leech. You burn the tyrant leech.
The tyrant leech is heavily wounded.
The thorn hunter is struck by your spines.
The thorn hunter hits you! You block the thorn hunter's attack.
Casting: Vampiric Draining (safe; 1% risk of failure)
Confirm with . or Enter, or press ? or * to list all spells.
Aiming: Vampiric Draining (safe; 1% risk of failure)
Press: ? - help, Shift-Dir - straight line, f - tyrant leech
Aim: a tyrant leech (heavily wounded)
You draw life force from the tyrant leech!
You feel life coursing into your body.
The spriggan rider hits you from afar with a +0 spear!
* * * LOW HITPOINT WARNING * * *
The thorn hunter is struck by your spines.
The thorn hunter hits you.
* * * LOW HITPOINT WARNING * * *
You block the thorn hunter's attack. You block the tyrant leech's attack.
As you read the scroll of teleportation, it crumbles to dust.
You feel strangely unstable.
The thorn hunter hits you but does no damage.
You block the thorn hunter's attack.
The spriggan rider hits you but does no damage.
The tyrant leech completely misses you. You block the thorn hunter's attack.
The thorn hunter hits you!
* * * LOW HITPOINT WARNING * * *
Your surroundings suddenly seem different.
A goliath frog, a seven-headed hydra, a bog body and a swamp drake come into view.
Found a plate armour.
The seven-headed hydra roars!
The goliath frog closely misses you.
You feel yourself speed up. The bog body is struck by your spines.
The bog body touches you!
* * * LOW HITPOINT WARNING * * *
The bog body freezes you! You resist.
You die...

♣♣♣♣ ♣♣
♣♣♣~.♣♣ .~♣
♣♣.~..§♣♣ .~..
♣~~~~~~.♣...~~
♣..~~~..§....♣
~~♣~...n@~~.~♣
~.~~.~.~.~#~.♣
..~.....F.# ♣
~........##
~..[.D.###
.~...## ♣♣♣
..k.. ♣♣..
.... ..~ ..##


PP You could see a seven-headed hydra, a goliath frog, a bog body and a swamp
drake (wandering).

Vanquished Creatures
  An eleionoma (Lair:3)
  9 hydras
  A centaur warrior (D:12)
  A boulder beetle (D:11)
  An alligator (Swamp:1)
  A catoblepas (Lair:5)
  2 two-headed ogres (D:10)
  4 death yaks
  3 orc high priests
  Sonja (D:10)
  2 skysharks
  A spriggan druid (Swamp:1)
  4 orc knights (Orc:2)
  A lindwurm (Lair:5)
  4 orc sorcerers
  3 cyclopes
  3 ugly things
  6 elephants
  A black mamba (Lair:5)
  A torpor snail (Lair:4)
  7 cane toads
  8 komodo dragons
  An unseen horror (D:9)
  A kobold demonologist (D:13)
  A queen bee (D:10)
  5 hornets
  10 polar bears
  5 trolls
  Prince Ribbit (Lair:3)
  9 dream sheep
  10 blink frogs
  3 culicivoras (Lair:3)
  74 yaks
  11 spriggans (Lair:5)
  Sigmund (D:3)
  4 shadows
  4 wraiths
  4 wyverns
  5 basilisks
  A steam dragon (Lair:3)
  4 vampire mosquitoes (D:12)
  6 wargs
  2 acid dragons
  10 water moccasins
  Duvessa (D:5)
  An ice beast (D:6)
  24 orc warriors
  2 hornet zombies (D:8)
  3 sky beasts (D:7)
  4 black bears
  26 wolves
  4 boggarts (Lair:5)
  8 ogres
  A phantom (D:5)
  8 bullfrogs
  3 gnoll sergeants
  3 scorpions
  5 wights
  Dowan (D:5)
  24 killer bees (D:10)
  5 howler monkeys
  An electric eel (Lair:5)
  6 centaur zombies (D:8)
  A hound (D:6)
  27 orc priests
  A gnoll bouda (D:9)
  A jelly (D:5)
  Ijyb (D:4)
  2 sleepcaps
  2 iguanas (D:4)
  17 orc wizards
  11 hell rats
  A howler monkey zombie (D:8)
  5 adders
  25 gnolls
  4 river rats (Lair:4)
  A shadow imp (D:5)
  An ufetubus (D:5)
  5 worms
  3 dart slugs
  55 orcs
  5 ball pythons
  6 bats
  4 endoplasms
  4 giant cockroaches
  14 goblins
  4 hobgoblins
  6 jackals
  6 kobolds
  5 quokkas
  7 rats
591 creatures vanquished.

Vanquished Creatures (collateral kills)
  3 death yaks (Lair:2)
  4 vampire mosquitoes (D:11)
  A steam dragon (D:10)
  A howler monkey (D:11)
  2 orcs (D:11)
  A jackal (D:1)
12 creatures vanquished.

Vanquished Creatures (others)
  A killer bee (D:10)
1 creature vanquished.

Grand Total: 604 creatures vanquished

Notes
Turn   | Place    | Note
-------+----------+-------------------------------------------
     0 | D:1      | thirtiethelement the Demonspawn Necromancer began the quest
                  | for the Orb.
     0 | D:1      | Reached XP level 1. HP: 13/13 MP: 3/3
   313 | D:1      | Gained mutation: You are partially covered in yellow
                  | scales. (AC +2) [demonic ancestry]
   313 | D:1      | Reached XP level 2. HP: 19/19 MP: 1/5
  1125 | D:2      | Reached skill level 5 in Necromancy
  1316 | D:2      | Gained mutation: Your touch may inflict minor irresistible
                  | damage on your foes. [demonic ancestry]
  1316 | D:2      | Reached XP level 3. HP: 24/24 MP: 6/6
  1721 | D:2      | Gained mutation: You are mostly covered in yellow scales.
                  | (AC +3) [demonic ancestry]
  1721 | D:2      | Reached XP level 4. HP: 12/31 MP: 0/7
  2069 | D:2      | Found Juzinnab's Antique Armour Boutique.
  2154 | D:3      | Found a broken altar of Ashenzari.
  2196 | D:3      | Learned a level 3 spell: Vampiric Draining
  2198 | D:3      | Learned a level 1 spell: Freeze
  2209 | D:3      | Reached skill level 1 in Armour
  2299 | D:3      | Identified the +6 whip "Amummocy" {flame, rCorr Dex+3}
  2356 | D:3      | Reached skill level 1 in Short Blades
  2534 | D:3      | Noticed Sigmund
  2547 | D:3      | Killed Sigmund
  2548 | D:3      | Reached skill level 1 in Fighting
  2548 | D:3      | Reached XP level 5. HP: 29/37 MP: 8/10
  2548 | D:3      | Gained mutation: You may rarely emit foul miasma when
                  | damaged in melee. [demonic ancestry]
  2548 | D:3      | Reached XP level 6. HP: 34/43 MP: 8/11
  3038 | D:3      | Reached skill level 1 in Maces & Flails
  3038 | D:3      | Reached skill level 6 in Necromancy
  3171 | D:4      | Found a shimmering altar of Xom.
  3206 | D:4      | Noticed Ijyb
  3215 | D:4      | Killed Ijyb
  3321 | D:4      | Found a radiant altar of Vehumet.
  3327 | D:4      | Reached XP level 7. HP: 46/48 MP: 12/12
  3342 | D:4      | Found Dogimy's Distillery.
  3349 | D:4      | Bought a potion of degeneration for 14 gold pieces
  3349 | D:4      | Bought a potion of curing for 42 gold pieces
  3438 | D:4      | Found Hadib's Neck Hole.
  4000 | D:5      | Entered Level 5 of the Dungeon
  4174 | D:5      | Found Poaruito's Distillery.
  4174 | D:5      | Noticed Dowan
  4187 | D:5      | Noticed Duvessa
  4193 | D:5      | Killed Duvessa
  4198 | D:5      | Killed Dowan
  4884 | D:5      | Reached XP level 8. HP: 54/56 MP: 14/14
  4979 | D:6      | Found a runed translucent gate.
  4979 | D:6      | Found a runed translucent gate.
  4979 | D:6      | Found a runed translucent gate.
  4979 | D:6      | Noticed thirtiethelement's ghost (novice DsNe)
  5084 | D:6      | Found an iron altar of Okawaru.
  5369 | D:6      | You fall into a shaft and drop 3 floors!
  5378 | D:9      | Noticed an unseen horror
  5761 | D:7      | Reached skill level 7 in Necromancy
  5809 | D:7      | Found a runed translucent door.
  5811 | D:7      | Noticed BeowulfAlex's ghost (novice OpSh)
  5825 | D:7      | Found a staircase to the Ecumenical Temple.
  5833 | Temple   | Entered the Ecumenical Temple
  5842 | Temple   | Became a worshipper of Makhleb the Destroyer
  5917 | D:7      | Reached skill level 5 in Spellcasting
  6031 | D:6      | Found a hide-covered altar of Uskayaw.
  6344 | D:2      | Bought a faintly humming cloak for 266 gold pieces
  6344 | D:2      | Identified the +0 cloak of Experimentation {Will+ rCorr
                  | Int+2 Dex+3} (You bought it in a shop on level 2 of the
                  | Dungeon)
  6624 | D:6      | Gained mutation: Your touch may inflict irresistible damage
                  | on your foes. [demonic ancestry]
  6624 | D:6      | Reached XP level 9. HP: 53/63 MP: 16/16
  7011 | D:7      | Found Feulugar's Profane Products.
  7157 | D:7      | Paralysed by a hornet for 2 turns
  7160 | D:7      | Reached skill level 5 in Maces & Flails
  7527 | D:8      | Reached skill level 8 in Necromancy
  7989 | D:8      | Reached * piety under Makhleb
  8069 | D:8      | Found a basalt altar of Yredelemnul.
  8467 | D:8      | Found an ancient bone altar of Kikubaaqudgha.
  8467 | D:8      | Found a shimmering blue altar of Sif Muna.
  8474 | D:8      | Found a sacrificial altar of Ru.
  8478 | D:8      | Found a sparkling altar of Nemelex Xobeh.
  8695 | D:8      | Reached XP level 10. HP: 71/71 MP: 18/20
  8714 | D:8      | Reached skill level 9 in Necromancy
  8932 | D:9      | Reached ** piety under Makhleb
  9285 | D:9      | Found an ornate altar of the Wu Jian Council.
  9656 | D:10     | Entered Level 10 of the Dungeon
  9716 | D:10     | Noticed a two-headed ogre
  9726 | D:10     | Killed a two-headed ogre
  9849 | D:10     | Noticed Sonja
  9861 | D:10     | Killed Sonja
  9862 | D:10     | Reached skill level 5 in Fighting
 10116 | D:10     | Reached skill level 10 in Necromancy
 10142 | D:10     | Reached XP level 11. HP: 79/79 MP: 23/23
 10171 | D:10     | Noticed a two-headed ogre
 10181 | D:10     | Killed a two-headed ogre
 10469 | D:10     | Reached *** piety under Makhleb
 11435 | D:10     | Found a staircase to the Lair.
 11675 | D:11     | Reached skill level 11 in Necromancy
 11676 | D:11     | Reached **** piety under Makhleb
 11679 | D:11     | Found a staircase to the Orcish Mines.
 11999 | D:11     | Noticed a boulder beetle
 12010 | D:11     | Killed a boulder beetle
 12598 | D:12     | Reached skill level 5 in Dodging
 12598 | D:12     | Reached skill level 10 in Spellcasting
 12971 | D:12     | Noticed a centaur warrior
 12978 | D:12     | Killed a centaur warrior
 12979 | D:12     | Reached skill level 1 in Throwing
 13033 | D:12     | Reached XP level 12. HP: 65/88 MP: 26/26
 13819 | D:13     | Found Atweup Geka's Book Shoppe.
 13885 | D:13     | HP: 3/88 [white ugly thing (27)]
 14145 | D:13     | Identified the +0 ring mail "Bedyatu" {rPois rN+ Str+2}
 14227 | D:13     | Noticed a six-headed hydra
 14240 | D:13     | Killed a six-headed hydra
 14241 | D:13     | Reached skill level 12 in Necromancy
 14574 | D:13     | Gained mutation: You occasionally lose the ability to read
                  | scrolls when taking damage. [potion of mutation]
 14574 | D:13     | Gained mutation: Your mind is acute. (Int +4, Str/Dex -1)
                  | [potion of mutation]
 14574 | D:13     | Gained mutation: You possess an exceptional clarity of
                  | mind. [potion of mutation]
 14574 | D:13     | Gained mutation: Your flesh is heat resistant. (rF+)
                  | [potion of mutation]
 14575 | D:13     | Lost mutation: You possess an exceptional clarity of mind.
                  | [potion of mutation]
 14575 | D:13     | Lost mutation: Your flesh is heat resistant. (rF+) [potion
                  | of mutation]
 14575 | D:13     | Lost mutation: Your mind is acute. (Int +4, Str/Dex -1)
                  | [potion of mutation]
 14575 | D:13     | Gained mutation: You are robust. (+10% HP) [potion of
                  | mutation]
 14575 | D:13     | Gained mutation: You are somewhat resistant to further
                  | mutation. [potion of mutation]
 14575 | D:13     | Gained mutation: Your muscles are strong. (Str +4, Int/Dex
                  | -1) [potion of mutation]
 14576 | D:13     | Lost mutation: You are somewhat resistant to further
                  | mutation. [potion of mutation]
 14576 | D:13     | Lost mutation: Your muscles are strong. (Str +4, Int/Dex
                  | -1) [potion of mutation]
 14576 | D:13     | Gained mutation: You are strong-willed. (Will+) [potion of
                  | mutation]
 14576 | D:13     | Gained mutation: You do not regenerate when monsters are
                  | visible. [potion of mutation]
 15191 | D:5      | Bought a potion of mutation for 96 gold pieces
 15191 | D:5      | Lost mutation: You occasionally lose the ability to read
                  | scrolls when taking damage. [potion of mutation]
 15191 | D:5      | Lost mutation: You do not regenerate when monsters are
                  | visible. [potion of mutation]
 15191 | D:5      | Lost mutation: You are strong-willed. (Will+) [potion of
                  | mutation]
 15191 | D:5      | Gained mutation: Your system is resistant to poisons.
                  | (rPois) [potion of mutation]
 15191 | D:5      | Gained mutation: You are resistant to electric shocks.
                  | (rElec) [potion of mutation]
 15234 | D:4      | Bought an amulet of reflection for 390 gold pieces
 15379 | Lair:1   | Entered Level 1 of the Lair of Beasts
 15441 | Lair:1   | Reached skill level 1 in Shields
 16638 | Lair:2   | Noticed a death yak
 16639 | Lair:2   | Noticed a death yak
 16639 | Lair:2   | Noticed a death yak
 16639 | Lair:2   | Noticed a death yak
 16640 | Lair:2   | Noticed a death yak
 16640 | Lair:2   | Noticed a death yak
 16667 | Lair:2   | Killed a death yak
 16678 | Lair:2   | Killed a death yak
 16895 | Lair:2   | Killed a death yak
 16896 | Lair:2   | Reached skill level 1 in Invocations
 16906 | Lair:2   | Killed a death yak
 16908 | Lair:2   | Killed a death yak
 16909 | Lair:2   | Gained mutation: You are completely covered in yellow
                  | scales. (AC +4, rCorr) [demonic ancestry]
 16909 | Lair:2   | Reached XP level 13. HP: 40/103 MP: 7/28
 17125 | Lair:2   | Identified the +1 dagger "Boraelli" {heavy, Int+3}
 17258 | Lair:2   | Reached skill level 5 in Stealth
 17950 | Lair:3   | Reached ***** piety under Makhleb
 17991 | Lair:3   | Noticed Prince Ribbit
 18007 | Lair:3   | Killed Prince Ribbit
 18024 | Lair:3   | Found a staircase to the Swamp.
 18024 | Lair:3   | Noticed an eleionoma
 18092 | Lair:3   | Found a hole to the Spider Nest.
 18789 | Lair:3   | Killed an eleionoma
 18807 | Lair:3   | Learned a level 5 spell: Agony
 18812 | Lair:3   | Learned a level 4 spell: Animate Dead
 18817 | Lair:3   | Learned a level 4 spell: Dispel Undead
 19095 | Lair:3   | Reached skill level 13 in Necromancy
 21558 | Lair:4   | Gained mutation: You are partially covered in sharp spines.
                  | [demonic ancestry]
 21558 | Lair:4   | Reached XP level 14. HP: 77/113 MP: 29/29
 21743 | Lair:4   | Reached skill level 10 in Maces & Flails
 22005 | Lair:5   | Entered Level 5 of the Lair of Beasts
 22285 | Lair:5   | Reached skill level 5 in Shields
 22702 | Lair:5   | Reached ****** piety under Makhleb
 23476 | Lair:5   | Found a viscous altar of Jiyva.
 23476 | Lair:5   | Found a staircase to the Slime Pits.
 23897 | Orc:1    | Entered Level 1 of the Orcish Mines
 23915 | Orc:1    | Found Poclety's Overcharged Wands.
 24072 | Orc:1    | Found Litemn's Jewellery Boutique.
 24079 | Orc:1    | Bought the ring of the Bespelled Lime {Fly rCorr Dex+3} for
                  | 531 gold pieces
 24352 | Orc:2    | Entered Level 2 of the Orcish Mines
 24381 | Orc:2    | Found Taacsarr's Weapon Shop.
 24829 | Orc:1    | Reached skill level 14 in Necromancy
 25086 | Orc:2    | Found Queqamm's Book Shop.
 25107 | Orc:2    | Found Uqoklur's Distillery.
 25273 | Orc:2    | Found Cilecva's Jewellery Emporium.
 25297 | Orc:2    | Bought a potion of haste for 140 gold pieces
 25528 | Orc:2    | Found a staircase to the Elven Halls.
 26013 | Swamp:1  | Entered Level 1 of the Swamp
 26065 | Swamp:1  | Noticed a thorn hunter
 26155 | Swamp:1  | Slain by a bog body

Illustrated notes

Levels and vault maps discovered:
D:1:      dpeg_arrival_round_c, layout_loops_corners
D:2:      layout_basic, serial_shops, nicolae_shop_window_shopping
D:3:      layout_basic, zin_scriptorium, mainiacjoe_overflow_small_starburst,
          minmay_ogre_servants, uniq_sigmund
D:4:      layout_loops_ring, mainiacjoe_overflow_cross_hatched,
          nicolae_vehumet_altar_sigil, serial_shops, shop,
          nicolae_shop_sticking_my_neck_out, uniq_ijyb
D:5:      layout_basic, mainiacjoe_overflow_surrounded_room, serial_shops, shop,
          uniq_duvessa
D:6:      layout_loops_ring, amcnicky_altar_gilded,
          nicolae_overflow_hidden_temple, gammafunk_ghost_nasty_kobolds,
          minmay_fractal_squares_5
D:7:      layout_loops_ring, minmay_temple_entry_tees,
          ebering_ghost_reflecting_pool, nicolae_evil_shop
D:8:      layout_basic, nicolae_yredelemnul_corpse_copse,
          chequers_temple_overflow_minitemple
D:9:      layout_basic, mainiacjoe_overflow_paths
D:10:     layout_loops_cross, grunt_lair_entry_orc_guard_hut, special_room
          [special_room_bee], uniq_sonja
D:11:     layout_stronghold, erik_orc_4
D:12:     layout_irregular_city
D:13:     layout_loops_ring, serial_shops, nicolae_shop_tiny_waterfront
Temple:   hellmonk_temple_two_chambers
Lair:1:   layout_roguey, infiniplex_staircase_pool_2
Lair:2:   layout_loops_ring
Lair:3:   layout_chaotic_city, alex1729_swamp_entry_worm_eleionoma,
          hellmonk_spider_entry_life_and_decay, serial_forest,
          infiniplex_forest_clump_curved, infiniplex_forest_clump_tiny,
          infiniplex_forest_diagonal, infiniplex_forest_end_3,
          infiniplex_forest_clump_small, dpeg_oklob_1, uniq_prince_ribbit2
Lair:4:   layout_cave_shapes, kennysheep_abandoned_house, grunt_megastairs_3
Lair:5:   minmay_lair_end_enchanted_forest, layout_regular_city,
          dpeg_slime_entry_enclosed, chequers_serial_rivers_micro_c,
          hibernation_bobbens, infiniplex_staircase_pool
Swamp:1:  layout_basic_swamp, hangedman_swamp_ruin_wall
Orc:1:    layout_diamond_mine, basic_altar, serial_shops, shop,
          nicolae_shop_overcharged_wands
Orc:2:    st_orc_elflike, layout_caves, david_defended_altar_orc

Skill      XL: |  1  2  3  4  5  6  7  8  9 10 11 12 13 14 |
---------------+-------------------------------------------+-----
Dodging        | 2 3 4 5 6 7 |  7.9
Necromancy     | 5 6 7 8 10 11 12 13 14 | 14.2
Stealth        | 2 3 4 5 |  5.7
Armour         | 1 2 3 4 |  4.6
Short Blades   | 1 2 |  2.0
Fighting       | 1 2 3 5 6 7 8 |  8.1
Spellcasting   | 3 4 5 6 8 10 11 12 | 12.4
Maces & Flails | 1 3 4 5 6 7 8 9 10 | 10.6
Throwing       | 1 |  1.2
Shields        | 2 4 6 |  6.3
Invocations    | 1 3 4 |  4.8
Evocations     | |  0.4

Action                     |  1- 3 |  4- 6 |  7- 9 | 10-12 | 13-15 || total
---------------------------+-------+-------+-------+-------+-------++-------
  Melee: Short sword       |    50 |    11 |       |       |       ||    61
         Punch             |     2 |     1 |     3 |     6 |       ||    12
         Touch             |     6 |    16 |    47 |    61 |       ||   130
         Whip              |       |    87 |   222 |   683 |  1474 ||  2466
  Throw: Dart              |       |       |       |    11 |     6 ||    17
   Cast: Necrotise         |    39 |     5 |    28 |    55 |    38 ||   165
         Vampiric Draining |       |     1 |    40 |   140 |   145 ||   326
 Invoke: Minor Destruction |       |       |       |    14 |    30 ||    44
         Major Destruction |       |       |       |       |    13 ||    13
  Evoke: Wand              |       |       |       |     2 |     7 ||     9
    Use: Scroll            |       |       |    12 |    15 |     2 ||    29
         Potion            |       |       |       |     7 |     3 ||    10
   Stab: Sleeping          |     2 |     3 |     5 |     6 |     7 ||    23
         Distracted        |       |       |     1 |     2 |     3 ||     6
         Paralysed         |       |       |       |     5 |     4 ||     9
         Petrified         |       |       |       |       |     7 ||     7
         Petrifying        |       |       |       |       |     1 ||     1
 Armour: Robe              |     5 |       |       |       |       ||     5
         Leather armour    |     4 |    25 |   102 |   199 |    68 ||   398
         Steam dragon scal |       |       |       |       |   330 ||   330
  Dodge: Dodged            |    37 |    50 |   180 |   438 |   817 ||  1522
  Block: Buckler           |       |       |       |   140 |   806 ||   946
         Reflection        |       |       |       |       |     8 ||     8

Table legend: (Time is in decaauts)
 A = Elapsed time spent in this place.
 B = Non-inter-level travel time spent in this place.
 C = Inter-level travel time spent in this place.
 D = Time resting spent in this place.
 E = Time spent auto-exploring this place.
 F = Levels seen in this place.
 G = Mean time per level.
                   A        B        C        D        E       F      G
               +--------+--------+--------+--------+--------+-----+--------+
         Total |  25554 |  24175 |   1379 |   4311 |  13999 |  22 | 1161.5 |
       Dungeon |  15378 |  14341 |   1037 |   1900 |   9876 |  13 | 1182.9 |
        Temple |     15 |     15 |      0 |      0 |      0 |   1 |   15.0 |
          Lair |   8120 |   7806 |    314 |   1793 |   3460 |   5 | 1624.0 |
         Swamp |    133 |    133 |      0 |     39 |      0 |   1 |  133.0 |
  Orcish Mines |   1906 |   1879 |     27 |    579 |    663 |   2 |  953.0 |
               +--------+--------+--------+--------+--------+-----+--------+

Top non-repeatable levels by time:
  Lair:3: 2924 daAuts
    D:10: 2048 daAuts
  Lair:5: 1677 daAuts
    D:12: 1452 daAuts
     D:8: 1392 daAuts
  Lair:2: 1360 daAuts
     D:7: 1325 daAuts
     D:2: 1186 daAuts
  Lair:4: 1172 daAuts
     D:6: 1114 daAuts
     D:1: 1076 daAuts
     D:5: 1038 daAuts
    D:13: 1016 daAuts
     D:3: 1011 daAuts
    D:11: 1005 daAuts
